AoeStats
← Fluvialgeomorphologist

Arena

507207856Analyzed
3v3 RM · 15d ago on Sep 17, 2026· 48m 31s· 6 players
Game mode
Random Map
Map size
Normal (6 player)
Population
200
Speed
Normal
Resources
Standard
Victory
Conquest
Starting age
Dark Age
Ending age
Imperial Age
RankedLock teamsTeams togetherTeam positionsShared explorationLock speedFull tech treeHidden civsTurbo modeCheats
Victory
Defeat
🇺🇸 Spanish · United States
876
+14
🇺🇸 Malians · United States
868
+15
🇺🇸 Franks · United States
771
+18
🇲🇽 Khmer · Mexico
871
-17
🇲🇽 Britons · Mexico
839
-16
🇲🇽 Franks · Mexico
790
-14
Pikalord
8:33 Loom
12:21 Feudal Age
15:12 Double-Bit Axe
20:55 Castle Age
19:39 Gold Mining
31:09 Imperial Age
29:38 Scale Barding Armor
29:44 Forging
29:35 Scale Mail Armor
29:38 Husbandry
31:21 Cavalier
31:23 Pikeman
32:43 Iron Casting
37:22 Chain Barding Armor
37:19 Chain Mail Armor
38:05 Blast Furnace
37:41 Halberdier
Mau Snow
12:45 Feudal Age
16:24 Castle Age
20:59 Double-Bit Axe
20:54 Horse Collar
21:07 Stone Mining
25:15 Stone Shaft Mining
27:15 Heavy Plow
28:03 Wheelbarrow
27:19 Town Watch
28:05 Town Patrol
28:17 Gold Mining
29:02 Bow Saw
28:57 Tusk Swords
29:04 Scale Barding Armor
28:21 Light Cavalry
30:04 Husbandry
30:15 Bloodlines
30:55 Hand Cart
30:27 Loom
34:14 Imperial Age
32:17 Ballistics
33:18 Gold Shaft Mining
34:20 Hussar
35:35 Chain Barding Armor
34:38 Elite Ballista Elephant
36:05 Crop Rotation
36:52 Chemistry
36:39 Double Crossbow
37:06 Conscription
42:30 Siege Engineers
43:47 Double Crossbow
principeazteka
7:30 Loom
10:12 Feudal Age
18:01 Castle Age
29:57 Imperial Age
28:59 Double-Bit Axe
28:57 Horse Collar
29:10 Fletching
29:21 Padded Archer Armor
29:48 Ballistics
30:02 Caravan
32:47 Wheelbarrow
32:09 Bodkin Arrow
32:29 Leather Archer Armor
33:46 Chemistry
33:19 Conscription
33:34 Bracer
35:58 Yeomen
37:12 Elite Longbowman
38:24 Ring Archer Armor
43:42 Bow Saw
43:40 Heavy Plow
StormFather
11:02 Feudal Age
11:38 Double-Bit Axe
18:52 Castle Age
18:45 Gold Mining
18:47 Stone Mining
22:13 Scale Barding Armor
22:18 Forging
26:55 Chain Barding Armor
27:11 Iron Casting
30:59 Imperial Age
31:06 Cavalier
32:25 Plate Barding Armor
33:30 Caravan
34:07 Bow Saw
36:30 Wheelbarrow
36:57 Paladin
38:47 Blast Furnace
38:53 Gold Shaft Mining
45:28 Pikeman
46:08 Squires
46:13 Scale Mail Armor
shabolobodingdong
10:05 Loom
11:51 Feudal Age
18:19 Castle Age
16:40 Horse Collar
16:57 Double-Bit Axe
19:50 Wheelbarrow
19:58 Heavy Plow
20:36 Bow Saw
22:20 Stone Mining
24:15 Gold Mining
25:53 Loom
26:26 Hand Cart
27:16 Padded Archer Armor
28:36 Stone Shaft Mining
29:26 Inquisition
31:09 Caravan
32:30 Leather Archer Armor
35:58 Imperial Age
34:26 Pikeman
35:07 Squires
34:52 Gambesons
34:53 Arson
37:11 Ring Archer Armor
37:09 Conscription
36:38 Elite Conquistador
38:19 Forging
38:10 Scale Mail Armor
38:14 Husbandry
38:25 Bloodlines
40:09 Chemistry
39:32 Ballistics
38:46 Halberdier
43:44 Block Printing
43:40 Fervor
43:31 Atonement
43:56 Illumination
43:32 Devotion
43:42 Redemption
43:54 Sanctity
44:10 Theocracy
43:30 Herbal Medicine
44:52 Inquisition
Fluvialgeomorphologist
11:42 Feudal Age
9:57 Loom
15:53 Castle Age
13:45 Stone Mining
14:13 Horse Collar
15:37 Double-Bit Axe
21:08 Wheelbarrow
22:11 Gold Mining
22:44 Town Watch
23:35 Bow Saw
29:25 Imperial Age
27:13 Forging
27:49 Scale Barding Armor
28:55 Bloodlines
28:45 Husbandry
28:06 Light Cavalry
29:39 Iron Casting
29:24 Chain Barding Armor
30:12 Hand Cart
30:10 Farimba
32:02 Plate Barding Armor
31:21 Man-at-Arms
31:44 Capped Ram
32:20 Cavalier
32:30 Long Swordsman
34:51 Squires
34:55 Fletching
35:06 Padded Archer Armor
36:34 Chemistry
35:57 Ballistics
36:10 Two-Handed Swordsman
36:22 Heavy Camel Rider
37:29 Scale Mail Armor
37:46 Champion
39:21 Conscription
41:58 Leather Archer Armor
41:38 Bodkin Arrow
45:00 Thumb Ring
48:49 Hoardings
Connection lost

Rejoining the realm…

Still unreachable

The connection could not be restored.

Session expired

The server has moved on; the page needs a fresh start.